Map: Kairos Junction LE

Players

Lambo - Winner!

  • Race: Zerg Zerg
  • League: Grandmaster
  • Spawn Location: 11:00

llllllllllll

  • Race: Protoss Protoss
  • League: Master
  • Spawn Location: 5:00

VOD

Have the link to the VOD?

Description

Time

  • Played on: Dec. 15, 2018, 10:23 a.m.
  • Length: 8:07
Show
View Real Time Build Order
Export as new Build Order

Lambo Zerg - Winner!

Build Orders: Hatch First 

Get SALT Encoding   

  12  0:01  Drone  
  13  0:14  Overlord  
  13  0:16  Drone  
  14  0:32  Drone x2  
  16  0:48  Hatchery  
  15  0:51  Drone  
  15  0:55  Drone  
  17  0:58  Drone  
  18  1:09  Extractor  
  17  1:14  Spawning Pool  
  17  1:17  Drone  
  17  1:20  Drone  
  18  1:30  Drone  
  19  1:41  Drone  
  20  1:55  Overlord  
  20  2:00  Queen x2  
  24  2:01  Zergling x2  
  24  2:04  Drone  
  26  2:09  Metabolic Boost  
  26  2:11  Drone  
  26  2:13  Drone  
  28  2:22  Drone  
  29  2:35  Drone x3  
  32  2:45  Drone  
  32  2:46  Overlord  
  32  2:49  Hatchery  
  32  2:55  Overlord, Drone  
  33  3:00  Queen  
  33  3:05  Drone  
  35  3:07  Drone  
  36  3:15  Drone  
  36  3:16  Drone x4  
  36  3:19  Drone  
  42  3:21  Zergling x4  
  42  3:26  Spore Crawler  
  43  3:31  Drone x2  
  45  3:37  Queen  
  47  3:41  Drone x2  
  47  3:48  Drone x3  
  49  3:49  Spore Crawler  
  49  3:50  Drone  
  49  3:55  Drone  
  49  3:57  Spore Crawler  
  49  4:00  Drone  
  49  4:05  Queen  
  49  4:07  Overlord  
  51  4:10  Overlord  
  51  4:11  Zergling x4  
  53  4:21  Zergling x8  
  55  4:28  Drone x3  
  55  4:29  Roach Warren  
  57  4:33  Drone x3  
  57  4:35  Drone  
  60  4:43  Drone x2  
  61  4:46  Drone x2  
  61  4:47  Drone x2  
  61  4:52  Lair  
  65  4:57  Overlord, Extractor  
  65  4:59  Drone x2  
  66  5:00  Overlord  
  66  5:01  Drone  
  66  5:05  Drone x2  
  66  5:06  Drone  
  65  5:08  Drone  
  65  5:10  Extractor  
  65  5:11  Overlord  
  64  5:16  Overlord  
  64  5:23  Extractor, Evolution Chamber  
  64  5:24  Overlord  
  64  5:26  Roach x5  
  72  5:29  Roach x2  
  72  5:32  Roach  
  72  5:35  Roach x2  
  82  5:44  Roach x2  
  82  5:45  Roach x3  
  92  5:50  Overlord  
  92  5:55  Roach x3  
  97  6:00  Roach  
  98  6:05  Glial Reconstitution  
  98  6:06  Overlord  
  95  6:11  Roach x3  
  95  6:17  Drone x6  
  101  6:28  Zergling x6  
  101  6:32  Zergling x6  
  107  6:33  Zergling x4  
  107  6:34  Ravager  
  107  6:35  Ravager  
  107  6:36  Overlord  
  111  6:41  Ravager  
  111  6:43  Zergling x4  
  114  6:54  Overlord  
  114  6:55  Overlord  
  114  7:00  Zergling x16  
  122  7:06  Zergling x10  
  122  7:08  Zergling x2  
  120  7:13  Zergling x4  
  120  7:15  Ravager x5  
  123  7:19  Zergling x2  
  123  7:20  Zergling x4  
  123  7:21  Ravager  
  127  7:27  Zergling x8  
  129  7:34  Zergling x10  
  128  7:40  Zergling x2  
  123  7:45  Zergling x4  
  123  7:49  Zergling x6  
Show
View Real Time Build Order
Export as new Build Order

llllllllllll Protoss 

Build Orders: 1 Gate Expand, Oracle Opening, Phoenix Opening 

Get SALT Encoding   

  12  0:00  Probe  
  13  0:12  Probe  
  14  0:18  Pylon  
  14  0:25  Probe  
  15  0:31  Assimilator  
  15  0:33  Probe  
  15  0:42  Probe  
  16  0:43  Gateway  
  17  0:52  Probe  
  18  1:04  Probe  
  19  1:16  Probe  
  20  1:25  Nexus  
  20  1:35  Cybernetics Core  
  20  1:38  Probe  
  21  1:44  Assimilator  
  21  1:51  Probe  
  21  1:52  Pylon  
  22  2:03  Probe, Adept  
  23  2:14  Stargate  
  25  2:16  Probe  
  25  2:21  Warp Gate  
  26  2:23  Adept  
  26  2:29  Probe  
  29  2:37  Probe  
  29  2:41  Probe  
  31  2:46  Adept  
  31  2:49  Probe  
  31  2:51  Pylon  
  34  2:54  Probe  
  34  2:58  Phoenix  
  35  3:02  Probe  
  39  3:08  Probe  
  39  3:14  Probe  
  40  3:22  Oracle, Probe  
  44  3:28  Probe  
  44  3:29  Gateway  
  45  3:35  Gateway  
  45  3:37  Probe  
  46  3:42  Probe  
  47  3:49  Probe, Twilight Council  
  47  3:52  Adept  
  47  3:54  Pylon  
  47  3:55  Probe  
  47  4:00  Resonating Glaives  
  47  4:02  Probe  
  48  4:03  Assimilator  
  48  4:06  Assimilator  
  48  4:07  Probe  
  49  4:12  Pylon  
  49  4:14  Probe  
  50  4:19  Probe  
  51  4:25  Adept  
  51  4:26  Probe  
  54  4:32  Adept x2  
  54  4:33  Probe  
  59  4:45  Nexus  
  59  4:47  Probe  
  59  4:49  Adept  
  61  4:55  Pylon  
  59  5:04  Adept x2  
  59  5:06  Probe x2  
  63  5:11  Pylon  
  63  5:16  Adept  
  63  5:18  Robotics Facility, Probe  
  66  5:24  Adept x2  
  66  5:27  Probe  
  71  5:36  Robotics Facility, Adept  
  71  5:38  Probe  
  71  5:40  Probe  
  75  5:44  Pylon  
  75  5:47  Sentry x2  
  79  5:51  Probe  
  79  5:52  Probe  
  81  5:59  Immortal  
  81  6:03  Probe  
  80  6:04  Forge  
  80  6:05  Probe  
  79  6:15  Immortal  
  79  6:17  Sentry x3  
  75  6:19  Void Ray  
  75  6:21  Shield Battery  
  75  6:22  Shield Battery  
  75  6:23  Pylon  
  83  6:36  Pylon  
  83  6:39  Immortal  
  87  6:50  Gateway  
  87  6:53  Sentry, Gateway, Zealot  
  87  6:54  Zealot  
  91  7:02  Immortal  
  89  7:12  Gateway  
  89  7:13  Immortal  
  89  7:17  Zealot x2  
  89  7:18  Zealot  
  89  7:21  Shield Battery x2  
  93  7:38  Zealot x3  
  71  7:59  Adept x3  
Tags
 
Add a new tag
Caveats
  • Supply blocks, unpowered buildings, or Contaminate may cause inaccurate times.
  • Supply counts are checked every 10 seconds.